[Event "Live Chess"]
[Site "Chess.com"]
[Date "2023.05.21"]
[Round "-"]
[White "LiamClery2020"]
[Black "hturner40"]
[Result "0-1"]
[WhiteElo "2015"]
[BlackElo "1798"]
[TimeControl "300"]
[EndTime "2:13:53 PDT"]
[Termination "hturner40 won by resignation"]

1. e4 Nc6 2. Nc3 e5 3. Bc4 Nf6 4. d3 Na5 5. Bb3 Nxb3 6. axb3 Bb4 7. Nf3 d5 8. O-O Bxc3 9. bxc3 dxe4 10. Nxe5 exd3 11.
cxd3 O-O 12. Bg5 Qd6 13. d4 Ne4 14. Bf4 Nxc3 15. Qf3 Nd5 16. Bg3 c6 17. Rfe1 Qf6 18.
Qd3 Bf5 19. Qf3 Be6 20. Qh5 g6 21. Qh6 Qg7 22. Qd2 Rfd8 23. Ng4 Bxg4 24. Be5 f6 25. Bg3 Qd7 26. f3 Be6 27. Re2 Re8 28. Rf2 Bf7 29.
f4 Ne3 30. Re1 Ng4 31. Rfe2 Rxe2 32. Rxe2 Re8 33. Rxe8+ Qxe8 34. h3 Qe3+ 35. Qxe3 Nxe3 36. b4 Nd5 37. b5 cxb5 38. Kf2 b4 39. Ke1 a5 40.
Kd2 a4 41. Kc2 a3 42. Kb1 b3 43. Ka1 b2+ 44. Ka2 Nc3+ 0-1

[Event "Live Chess"]
[Site "Chess.com"]
[Date "2023.05.21"]
[Round "-"]
[White "Tiltador"]
[Black "Brooms1989"]
[Result "0-1"]
[WhiteElo "845"]
[BlackElo "1109"]
[TimeControl "300"]
[EndTime "2:14:00 PDT"]
[Termination "Brooms1989 won by resignation"]

1. e4 e5 2. Nf3 Nc6 3. Bb5 a6 4. Bxc6 dxc6 5. O-O Bd6 6. d3 h6 7. Nc3 Nf6 8. a3 O-O 9. b4 Bg4 10. h3 Bh5 11. Qe1 Bxf3 12. gxf3 Qd7 13. Qe3 Qxh3 14. f4 Qg4+ 15. Kh1 Qh4+ 16. Kg1 Ng4 17. Qg3 Qxg3+ 18.
fxg3 exf4 19. gxf4 f5 20. e5 Be7 21. Na4 b6 22.
Nb2 Rad8 23. Nd1 c5 24. Nf2 Nxf2 25. Rxf2 cxb4 26. axb4 Bxb4 27. Rxa6 Bc5 28. Ra7 Rc8 29. Kg2 Bxf2 30. Kxf2 Rf7 31. Kf3 c5 32. Ra6 Rb7 33.
c4 Rc6 34. Kg3 Rg6+ 35. Kf3 h5 36. Bb2 h4 37. Ra1 Rg3+ 38. Kf2 Rxd3 39. Ba3 Ra7 40. Kg2 Rdxa3 41. Rxa3 Rxa3 42. Kh2 Kf7 43. Kg2 Ke6 44. Kf2 Rg3 45. Kf1 Rg6 46. Kf2 h3 47. Kf1 h2 0-1

[Event "Live Chess"]
[Site "Chess.com"]
[Date "2023.05.21"]
[Round "-"]
[White "KeithArkell"]
[Black "HoarseyHorsey"]
[Result "1-0"]
[WhiteElo "2508"]
[BlackElo "1443"]
[TimeControl "300"]
[EndTime "2:14:27 PDT"]
[Termination "KeithArkell won by resignation"]

1. d4 Nf6 2. Nf3 d5 3. c4 e6 4. cxd5 exd5 5. Nc3 Bg4 6. Ne5 Bh5 7. Bg5 c6 8. Qb3 Qc7 9. Bxf6 gxf6 10. Nd3 Bd6 11. e3 f5 12. Rc1 Nd7 13. Nxd5 Qa5+ 14. Nc3 O-O 15. Be2 b6 16. Bxh5 Nf6 17. Bf3 Ne4 18.
Bxe4 fxe4 19. Ne5 Bxe5 20. dxe5 Rad8 21. O-O Rd3 22. Qc4 Rfd8 23. Qxe4 Rd2 24. Rc2 b5 25.
Rxd2 Rxd2 26. Qxc6 Qd8 27. Ne4 Rxb2 28. Nf6+ Kg7 29. Nh5+ Kg8 30. Qh6 1-0

[Event "Live Chess"]
[Site "Chess.com"]
[Date "2023.05.21"]
[Round "-"]
[White "Bunny55"]
[Black "WombatIn_A_Box"]
[Result "1/2-1/2"]
[WhiteElo "951"]
[BlackElo "540"]
[TimeControl "300"]
[EndTime "2:14:46 PDT"]
[Termination "Game drawn by stalemate"]

1. e4 e5 2. Nf3 Nf6 3. Nc3 Nc6 4.
d3 d5 5. exd5 Nxd5 6. Nxd5 Qxd5 7.
Be2 Bg4 8. O-O O-O-O 9. Re1 Bf5 10. h3 Bc5 11. Bd2 e4 12. dxe4 Bxe4 13. c4 Qd6 14. Qc1 Bxf3 15. Bxf3 Qd4 16. Rf1 g5 17. Be3 Qe5 18.
Bxc5 Qxc5 19. Bxc6 bxc6 20. Rd1 Rxd1+ 21. Qxd1 Rd8 22.
Qe2 f5 23. Re1 g4 24. b3 gxh3 25. Qe6+ Kb7 26. gxh3 Rd6 27. Qe3 Qa3 28. Qe2 c5 29. Qf3+ Kb6 30. Qxf5 Rg6+ 31. Kf1 Qxa2 32. Re6+ Rxe6 33.
Qxe6+ Kb7 34. Qd5+ Kc8 35. Qg8+ Kb7 36. Qd5+ Kb6 37. Qe6+ Ka5 38. Qc6 Qb1+ 39. Kg2 Qxb3 40. Qxc7+ Kb4 41. Qb7+ Kxc4 42. Qf7+ Kb4 43. Qb7+ Ka3 44.
Qa6+ Qa4 45. Qd3+ Kb4 46. Qxh7 Qc6+ 47. Kh2 Qd6+ 48. Kg1 Qd1+ 49. Kg2 Qd5+ 50. Kg1 Qg5+ 51. Kf1 Qc1+ 52. Kg2 Qg5+ 53. Kf1 a5 54. Qe4+ c4 55. Qb7+ Qb5 56. Qe7+ Ka4 57. Qe2 c3 58. Qxb5+ Kxb5 59. Ke1 Kb4 60. Kd1 Kb3 61. h4 c2+ 62. Kc1 Kc3 63. h5 a4 64. h6 a3 65. h7 a2 66.
h8=Q+ Kb3 67. Qd4 Ka3 68. Qb2+ Ka4 69. Qxa2+ Kb4 70. Qxc2 Kb5 71. f3 Kb6 72. Qc3 Kb7 73. Qc4 Ka7 74. Qc5+ Ka8 75. Qb6 1/2-1/2

[Event "Live Chess"]
[Site "Chess.com"]
[Date "2023.05.21"]
[Round "-"]
[White "Duke_of_Bebington"]
[Black "EdenHazard8"]
[Result "0-1"]
[WhiteElo "1587"]
[BlackElo "1975"]
[TimeControl "300"]
[EndTime "2:14:51 PDT"]
[Termination "EdenHazard8 won by resignation"]

1. e4 c6 2. d4 d5 3. Nc3 dxe4 4. Nxe4 Nf6 5. Nxf6+ exf6 6. Nf3 Bd6 7. Be2 O-O 8. Be3 Re8 9. O-O Nd7 10. Re1 Nf8 11. h4 Ng6 12. h5 Nf4 13. Nh2 Nxe2+ 14. Qxe2 Be6 15. h6 g6 16. Qf3 Bd5 17. Qd1 Bc7 18.
Rc1 Qd6 19. g3 Qd7 20. Qg4 Be6 21. Qf3 Bd5 22. Qg4 f5 23. Qh4 Bd8 24. Bg5 Bxg5 25. Qxg5 Re6 26. Re3 Rae8 27. Rce1 f6 28. Qh4 Rxe3 29.
Rxe3 Rxe3 30. fxe3 Kf7 31. Qf4 Be4 32. c3 Qd8 33. Nf3 g5 34. Nxg5+ fxg5 35. Qxg5 Qxg5 0-1

[Event "Live Chess"]
[Site "Chess.com"]
[Date "2023.05.21"]
[Round "-"]
[White "Biranidun"]
[Black "defenderalist"]
[Result "1-0"]
[WhiteElo "2551"]
[BlackElo "1639"]
[TimeControl "300"]
[EndTime "2:14:53 PDT"]
[Termination "Biranidun won by resignation"]

1. e4 e5 2. Nf3 Nc6 3. Bc4 Bc5 4. c3 Nf6 5. d4 exd4 6. b4 Bb6 7. e5 d5 8. exf6 dxc4 9. Qe2+ Be6 10. b5 Nb8 11. fxg7 Rg8 12. Nxd4 Bxd4 13. cxd4 Qxd4 14. Bb2 Qg4 15. Qxg4 Bxg4 16. Nd2 Nd7 17. Nxc4 f6 18. O-O Kf7 19. Rfe1 Rxg7 20. Ne3 Bf3 21. Kf1 Bh5 22. Rac1 Ne5 23. Rxc7+ Ke6 24. Rxg7 1-0

[Event "Live Chess"]
[Site "Chess.com"]
[Date "2023.05.21"]
[Round "-"]
[White "domrobson"]
[Black "Woodpusher500"]
[Result "0-1"]
[WhiteElo "1723"]
[BlackElo "1089"]
[TimeControl "300"]
[EndTime "2:15:01 PDT"]
[Termination "Woodpusher500 won by resignation"]

1. d4 c5 2. d5 Nf6 3. c4 b5 4. Qc2 e6 5. e4 exd5 6. exd5 Qe7+ 7. Be3 d6 8. Be2 Ba6 9. cxb5 Bb7 10. Nc3 Nxd5 11.
Nxd5 Bxd5 12. Nf3 g6 13. O-O Bg7 14. Rfd1 Bb7 15. Bf4 Nd7 16. Bxd6 Qe6 17. Bc4 Qg4 18. Re1+ Kd8 19. Bxf7 Bxf3 20. Be7+ Kc7 21. g3 Qh3 22. Bd6+ Kd8 23. Be7+ Kc7 24. Bd6+ Kc8 0-1

[Event "Live Chess"]
[Site "Chess.com"]
[Date "2023.05.21"]
[Round "-"]
[White "SupremeTactician"]
[Black "Singapourfeuj"]
[Result "1-0"]
[WhiteElo "2276"]
[BlackElo "2182"]
[TimeControl "300"]
[EndTime "2:15:08 PDT"]
[Termination "SupremeTactician won by resignation"]

1. e4 c5 2. Nf3 d6 3. d4 cxd4 4. Nxd4 Nf6 5. f3 a6 6. c4 e5 7. Nb3 Be7 8. Nc3 Be6 9. Be3 Nbd7 10. Rc1 Rc8 11. Nd5 Bxd5 12. cxd5 Rxc1 13. Qxc1 O-O 14. Be2 Nh5 15. O-O a5 16. f4 exf4 17. Bxh5 fxe3 18. Qxe3 g6 19. Be2 a4 20. Nd4 Bf6 21. Nb5 Be5 22.
b3 axb3 23. axb3 Qa5 24. Kh1 Qb4 25. Rd1 Nc5 26. Bc4 b6 27. Qe1 Qxe1+ 28. Rxe1 Ra8 29. g3 Ra2 30. b4 Ra1 31. Rxa1 Bxa1 32. bxc5 bxc5 33.
Nxd6 Kf8 34. Nb7 Bd4 35. d6 Be5 36. d7 Bc7 37. d8=Q+ Bxd8 38. Nxd8 Ke7 39. Nb7 f5 40. exf5 gxf5 41. Nxc5 Kf6 42. Nd3 Kg5 43. Kg2 h5 44. h4+ Kf6 45. Kf3 Kg6 46. Kf4 Kf6 47. Ne5 Kg7 48.
Kxf5 Kh6 49. Kf6 Kh7 50. Be6 Kh6 51. Nf7+ Kh7 52. Bf5+ Kg8 53. Nh6+ Kh8 54. Kg5 Kg7 55.
Kxh5 Kf6 56. Bb1 Kg7 57. Nf5+ Kh8 58. Kg6 Kg8 59. Ne3 Kh8 60. h5 Kg8 61. h6 Kh8 62.
Ng4 Kg8 63. Ne5 Kh8 64. Nf7+ Kg8 65. h7+ Kf8 66. Kf6 1-0

[Event "Live Chess"]
[Site "Chess.com"]
[Date "2023.05.21"]
[Round "-"]
[White "Ferrarifan27"]
[Black "lateforthesky"]
[Result "1-0"]
[WhiteElo "2103"]
[BlackElo "2119"]
[TimeControl "300"]
[EndTime "2:15:10 PDT"]
[Termination "Ferrarifan27 won by resignation"]

1. e4 c5 2. Nf3 Nf6 3. Nc3 d6 4. d4 cxd4 5. Nxd4 a6 6. Bg5 e6 7.
f4 Be7 8. Qf3 h6 9. Bh4 g5 10.
fxg5 Nfd7 11. g6 Ne5 12. gxf7+ Kf8 13. Bxe7+ Qxe7 14. Qe3 Nbc6 15. Nxc6 bxc6 16. Be2 Nxf7 17. O-O Kg7 18. Rf3 Ne5 19. Rg3+ Kh7 20. Rf1 Bd7 21. Rh3 Kg7 22. Qf4 Raf8 23. Qg3+ Qg5 24. Qxg5+ hxg5 25. Rxh8 Rxh8 26. Bxa6 Ra8 27. Be2 Rf8 28.
Rxf8 Kxf8 29. Kf2 Ke7 30. Ke3 Be8 31. g3 Bg6 32. h4 gxh4 33. gxh4 c5 34. h5 Bh7 35. a4 Kd7 36. Kf4 Nf7 37. Bb5+ Kc7 38. Be8 Ne5 39. Nb5+ Kd8 40. Nxd6 Nc4 41. Nxc4 Kxe8 42.
a5 Kd7 43. Ke5 Kc6 44. Nd2 Kb5 45. Kxe6 Kxa5 46. Kf7 c4 47. Nxc4+ Kb4 48. Nd2 1-0

[Event "Live Chess"]
[Site "Chess.com"]
[Date "2023.05.21"]
[Round "-"]
[White "bedsdrout"]
[Black "SteveValentine83"]
[Result "0-1"]
[WhiteElo "339"]
[BlackElo "1533"]
[TimeControl "300"]
[EndTime "2:15:10 PDT"]
[Termination "SteveValentine83 won by checkmate"]

1. Nf3 d5 2. Ng1 e5 3. Nf3 Nc6 4. Ng1 Nf6 5. Nc3 d4 6. Nb1 Bf5 7. Na3 Bxa3 8. bxa3 O-O 9. Nf3 e4 10. Ng1 Re8 11. e3 d3 12. cxd3 exd3 13. Qf3 Bg4 14. Qg3 Nd4 15. Bxd3 Bf5 16. e4 Bxe4 17. Bb1 Bxb1+ 18. Ne2 Nxe2 19. Qh4 Nc3+ 20. Kf1 Qd3+ 21. Kg1 Re1# 0-1

[Event "Live Chess"]
[Site "Chess.com"]
[Date "2023.05.21"]
[Round "-"]
[White "Reggie016"]
[Black "MJMykh"]
[Result "1-0"]
[WhiteElo "1088"]
[BlackElo "1142"]
[TimeControl "300"]
[EndTime "2:15:11 PDT"]
[Termination "Reggie016 won by checkmate"]

1. e4 e5 2. Nc3 Nc6 3. Bc4 Nf6 4. d3 h6 5. Nge2 Bb4 6. O-O Bxc3 7. bxc3 O-O 8. f4 exf4 9. Bxf4 d6 10. Nd4 Nxd4 11. cxd4 Bg4 12. Qd2 Kh7 13. h3 Bd7 14.
g4 b5 15. Bd5 Nxd5 16. exd5 Qh4 17. Qg2 g5 18. Bg3 Qxg3 19. Qxg3 Kg6 20. Rae1 a5 21. Qf3 Rac8 22. Qf6+ Kh7 23. Re7 Rcd8 24. Rxf7+ Rxf7 25. Qxf7+ Kh8 26. Rf6 Rf8 27. Rxh6# 1-0

[Event "Live Chess"]
[Site "Chess.com"]
[Date "2023.05.21"]
[Round "-"]
[White "Tushinskiy"]
[Black "karimghalambaz"]
[Result "1-0"]
[WhiteElo "2151"]
[BlackElo "1279"]
[TimeControl "300"]
[EndTime "2:15:19 PDT"]
[Termination "Tushinskiy won on time"]

1. d4 e5 2. c3 exd4 3. Nf3 dxc3 4. Nxc3 Nc6 5. Bf4 d6 6. e3 g6 7. Bd3 Bg7 8. O-O Nf6 9. Qe2 O-O 10. Rad1 Nb4 11. Bb1 Be6 12. a3 Nc6 13. Rfe1 a6 14. Qc2 Bf5 15. e4 Bd7 16. Bg3 Re8 17. Nd5 Nxd5 18. exd5 Ne5 19. Nxe5 dxe5 20. Ba2 Bf5 21.
Qb3 Rf8 22. Qxb7 Rb8 23. Qxa6 Rxb2 24. Bc4 e4 25. h3 Bc3 26. Re2 Rxe2 27. Bxe2 e3 28.
fxe3 Bg7 29. Bf3 Qe7 30. Bf2 Be5 31. e4 Bc8 32. Qd3 Bd6 33. a4 Qe5 34. a5 Qh2+ 35. Kf1 Qe5 36. a6 Qb2 37. Be2 Be5 38. a7 Qa2 39. Qb1 Qa5 40. Qb8 Bd7 41. Rb1 Bxh3 42. gxh3 Qa4 43. Qxf8+ Kxf8 44. Rb8+ Kg7 45. a8=Q 1-0

[Event "Live Chess"]
[Site "Chess.com"]
[Date "2023.05.21"]
[Round "-"]
[White "ShanthamGrarks"]
[Black "Doge_Dandolo"]
[Result "0-1"]
[WhiteElo "1965"]
[BlackElo "1878"]
[TimeControl "300"]
[EndTime "2:15:47 PDT"]
[Termination "Doge_Dandolo won by resignation"]

1. d4 d5 2. Nc3 Nf6 3. e4 dxe4 4. f3 e5 5. d5 Bb4 6. Bb5+ Bd7 7. Bxd7+ Nbxd7 8.
Bg5 O-O 9. fxe4 Qe8 10. Qf3 h6 11. Bd2 Nc5 12. Bxh6 Nfxe4 13. Bxg7 Kxg7 14. Ne2 Nxc3 15. bxc3 Ba5 16. O-O f6 17. Ng3 Qd7 18. Qh5 Rh8 19. Nf5+ Kg8 20. Qg4+ Kf8 21. Qc4 Bb6 22. Kh1 Qh7 23.
h3 Rd8 24. d6 cxd6 25. Rad1 Qf7 26. Qxf7+ Kxf7 27. Nxd6+ Ke6 28. Nc4 Ne4 29. Kh2 Nxc3 30.
Rde1 Rd4 31. Nxb6 axb6 32. Re3 Nd5 33. Ref3 Rg8 34. Kh1 Rd2 35. c4 Rgxg2 36. cxd5+ Kxd5 37. Rb1 Rh2+ 38. Kg1 Rxa2 39. Rxf6 Rag2+ 40. Kf1 Rh1+ 41. Kxg2 Rxb1 42. h4 Rb4 43. h5 Rh4 44. h6 b5 45.
Kg3 Rh1 46. Kf2 b4 47. Rb6 Kc4 48. Rxb7 b3 49. Ke2 Kc3 50. Rc7+ Kb2 51. h7 Ka1 52. Ra7+ Kb1 53. Kd2 b2 54. Kc3 Rh3+ 55. Kc4 Kc1 56. Ra3 Rxh7 57. Rc3+ Kb1 58. Kb3 Rb7+ 59. Ka3 Ka1 60. Rc2 b1=Q 61. Rb2 Qxb2+ 0-1

[Event "Live Chess"]
[Site "Chess.com"]
[Date "2023.05.21"]
[Round "-"]
[White "PrinceCharming_1"]
[Black "Geomorph"]
[Result "1-0"]
[WhiteElo "1624"]
[BlackElo "1271"]
[TimeControl "300"]
[EndTime "2:16:12 PDT"]
[Termination "PrinceCharming_1 won by resignation"]

1. e4 e5 2. Nf3 Nc6 3. Bc4 Bc5 4. b4 Bb6 5. a4 a6 6. b5 axb5 7. Bxb5 Nd4 8. Nxd4 Bxd4 9. c3 Bb6 10. O-O Nf6 11.
Re1 O-O 12. Bb2 d6 13. d4 c6 14. Bd3 Bg4 15. Qd2 Bd7 16. Na3 Rxa4 17. Nc4 Rxa1 18. Bxa1 Ba7 19. Bb2 Qe7 20. Ra1 Bb8 21. Ra8 Be6 22. Ba3 Bxc4 23. Bxc4 Nxe4 24. Qe3 Nf6 25. g3 e4 26. Be2 b5 27. c4 Qb7 28. Ra5 b4 29. Qb3 c5 30. dxc5 dxc5 31. Rxc5 Bd6 32.
Rb5 Qe7 33. Bxb4 Bxb4 34. Rxb4 Qe5 35. Qe3 Qa5 36. Rb1 Re8 37. Kg2 Qa8 38. c5 Nd5 39. Qd4 e3 40. Bf3 e2 41. Re1 Qa5 42. Rxe2 Rxe2 43.
Bxe2 Nf6 44. Bf3 h6 45. c6 Qc7 46. Qb4 Kh7 47. Qb7 Qa5 48. c7 1-0

[Event "Live Chess"]
[Site "Chess.com"]
[Date "2023.05.21"]
[Round "-"]
[White "Long1968"]
[Black "OleksiyJr1"]
[Result "0-1"]
[WhiteElo "970"]
[BlackElo "973"]
[TimeControl "300"]
[EndTime "2:16:14 PDT"]
[Termination "OleksiyJr1 won on time"]

1. e4 c5 2. c3 Nc6 3. d4 cxd4 4. cxd4 e6 5. e5 d5 6. exd6 Qxd6 7. Nf3 e5 8. Nc3 exd4 9. Nb5 Qb4+ 10. Bd2 Qxb2 11.
Nc7+ Kd8 12. Nxa8 Bb4 13. Bxb4 Qxb4+ 14. Qd2 Qxd2+ 15. Kxd2 Nf6 16. Bd3 Bg4 17. Rhe1 Bxf3 18. gxf3 Kd7 19. Bb5 Rxa8 20. Bxc6+ bxc6 21. Rac1 Rc8 22. Rc4 c5 23. Rec1 Kd6 24. Rxd4+ Nd5 25. Rdc4 Rc6 26.
Ra4 a6 27. Rg1 g6 28. h4 Nb4 29. h5 Nd5 30. Rag4 Nf6 31. hxg6 Nxg4 32. gxh7 Rc8 33. Rxg4 Rh8 34. Rh4 Ke6 35. Rh6+ Ke7 36. Kc3 Kf8 37.
Kc4 Kg7 38. Rh3 Rxh7 0-1

[Event "Live Chess"]
[Site "Chess.com"]
[Date "2023.05.21"]
[Round "-"]
[White "chessfiction"]
[Black "AbilifyXL"]
[Result "1-0"]
[WhiteElo "2334"]
[BlackElo "1937"]
[TimeControl "300"]
[EndTime "2:16:26 PDT"]
[Termination "chessfiction won by resignation"]

1. e4 d5 2. d4 c6 3. f3 dxe4 4. Nc3 exf3 5. Nxf3 Nf6 6. Bc4 Bf5 7. Ne5 e6 8. O-O Bg6 9. Be3 Nbd7 10. Qf3 Nxe5 11.
dxe5 Nd5 12. Rad1 Be7 13. h4 O-O 14. h5 Bxc2 15. Rd2 Bf5 16. g4 b5 17. Bxd5 cxd5 18. gxf5 exf5 19. Nxd5 Qe8 20. Nc7 Qc8 21. Nxa8 Qxa8 22. Qxa8 Rxa8 23. Rd7 Re8 24. Rxf5 g6 25.
hxg6 hxg6 26. Rf3 1-0

[Event "Live Chess"]
[Site "Chess.com"]
[Date "2023.05.21"]
[Round "-"]
[White "Cimon"]
[Black "FailsGambits"]
[Result "1-0"]
[WhiteElo "1842"]
[BlackElo "1339"]
[TimeControl "300"]
[EndTime "2:16:33 PDT"]
[Termination "Cimon won by resignation"]

1. Nf3 d5 2. d4 e6 3. c4 Nf6 4.
Nc3 c5 5. dxc5 Bxc5 6. cxd5 Nxd5 7. g3 Nxc3 8. Qxd8+ Kxd8 9. bxc3 Ke7 10. Bg2 Nc6 11. O-O Rd8 12. Bf4 Bd6 13. Be3 Kf8 14. Rfd1 Be7 15. Nd4 Nxd4 16. Bxd4 a5 17. Rab1 Ra6 18. Bxb7 Bxb7 19. Rxb7 Bc5 20. Rb5 Bxd4 21. Rxd4 Rxd4 22. cxd4 Rd6 23. e3 Ra6 24. Rb7 a4 25. a3 g6 26. Kg2 Kg7 27. Kf3 Kf6 28. Ke4 Ra5 29. f4 h5 30. h3 Kg7 31. g4 hxg4 32. hxg4 1-0

[Event "Live Chess"]
[Site "Chess.com"]
[Date "2023.05.21"]
[Round "-"]
[White "mliszewski"]
[Black "whitedjohn"]
[Result "0-1"]
[WhiteElo "1828"]
[BlackElo "1660"]
[TimeControl "300"]
[EndTime "2:16:33 PDT"]
[Termination "whitedjohn won by resignation"]

1. d4 Nf6 2. Bg5 Ne4 3. h4 h6 4. Bf4 c5 5. d5 Qa5+ 6. c3 d6 7. Nd2 Nf6 8. e3 Bf5 9. Ngf3 Qc7 10. Nb3 e5 11. dxe6 fxe6 12. Bb5+ Nbd7 13. O-O a6 14. Bxd7+ Qxd7 15. Qd2 Be7 16. Rad1 Rd8 17. Qe2 Qb5 18.
Qxb5+ axb5 19. Rfe1 O-O 20. a3 Bc2 21. Na5 Bxd1 22. Rxd1 Rd7 23. b4 c4 24. Nd4 e5 25.
Ne6 exf4 26. Nxf8 Kxf8 27. exf4 d5 28. f3 Nh5 29. f5 Bxh4 30. Rd4 Bd8 31. g4 Nf6 32.
Kg2 Bxa5 33. bxa5 Ke7 34. Kg3 Kd6 35. f4 Rd8 36. g5 Ne4+ 37. Kg4 Nxc3 38. f6 gxf6 39.
g6 Rg8 40. f5 Ne4 41. Kh5 Ng3+ 42. Kxh6 Nxf5+ 43. Kh7 Rxg6 44. Kxg6 Nxd4 45. Kxf6 Nc2 0-1

[Event "Live Chess"]
[Site "Chess.com"]
[Date "2023.05.21"]
[Round "-"]
[White "Leonid_Starozhilov"]
[Black "ExIsambard"]
[Result "1-0"]
[WhiteElo "2632"]
[BlackElo "1900"]
[TimeControl "300"]
[EndTime "2:16:42 PDT"]
[Termination "Leonid_Starozhilov won on time"]

1. e4 Nc6 2. Bb5 d5 3. Bxc6+ bxc6 4. Qe2 e6 5. d3 Nf6 6. Nf3 Ba6 7. Nbd2 Bb4 8. O-O Bxd2 9. Nxd2 dxe4 10. Nxe4 Qd4 11. Nc3 O-O 12. Be3 Qh4 13. Qf3 Ng4 14. Bf4 c5 15. h3 Nf6 16. b3 Rab8 17. Bxc7 Bb7 18. Qg3 Qxg3 19. Bxg3 Rbc8 20. Rfe1 h6 21. Re2 Rfd8 22.
Rae1 a6 23. Na4 Nd5 24. a3 Bc6 25. Nb2 Ba8 26. Nc4 Nc3 27. Re5 Nb5 28. f3 Nd4 29. Rc1 f6 30. Ree1 e5 31. f4 exf4 32. Bxf4 Bd5 33.
Nb6 Rc6 34. Nxd5 Rxd5 35. Be3 Nf5 36. Bf2 Kf7 37. Re4 Re6 38. Rxe6 Kxe6 39. Re1+ Kd6 40. Re4 Nd4 41. Bxd4 Rxd4 42. Kf2 Rxe4 43. dxe4 Ke5 44. Ke3 f5 45. exf5 Kxf5 46. c3 Ke5 47. b4 1-0

[Event "Live Chess"]
[Site "Chess.com"]
[Date "2023.05.21"]
[Round "-"]
[White "elizaveta_frundina"]
[Black "Delacorta"]
[Result "1-0"]
[WhiteElo "1571"]
[BlackElo "1408"]
[TimeControl "300"]
[EndTime "2:16:46 PDT"]
[Termination "elizaveta_frundina won by resignation"]

1. e4 e6 2. d4 d5 3. Bd3 dxe4 4.
Bxe4 Nf6 5. Bg5 Be7 6. Bd3 Nbd7 7. Nf3 b6 8. O-O Bb7 9. Nc3 h6 10. Bxf6 Nxf6 11. h3 O-O 12. Re1 Re8 13. Ne4 Nxe4 14.
Bxe4 Bxe4 15. Rxe4 c5 16. Ne5 Bf6 17. Qh5 Qc7 18.
Ng4 Bg5 19. h4 f5 20. hxg5 fxe4 21. gxh6 Qf7 22. h7+ 1-0

[Event "Live Chess"]
[Site "Chess.com"]
[Date "2023.05.21"]
[Round "-"]
[White "Duke_of_Bebington"]
[Black "Biranidun"]
[Result "0-1"]
[WhiteElo "1587"]
[BlackElo "2551"]
[TimeControl "300"]
[EndTime "2:17:26 PDT"]
[Termination "Biranidun won by resignation"]

1. e4 c5 2. c3 Nf6 3. e5 Nd5 4.
Na3 Nc6 5. d4 cxd4 6. cxd4 d6 7.
Nf3 Bg4 8. Bb5 e6 9. h3 Bxf3 10. Qxf3 dxe5 11. dxe5 Bb4+ 12. Kf1 O-O 13. Bxc6 bxc6 14.
Nc4 f6 15. Qg3 fxe5 16. Nxe5 Bd6 17. Qc3 Bxe5 18. Qxe5 Qb6 19. Be3 Nxe3+ 20. Qxe3 Qxe3 0-1

[Event "Live Chess"]
[Site "Chess.com"]
[Date "2023.05.21"]
[Round "-"]
[White "gmnorfolk"]
[Black "JoeyCage"]
[Result "1-0"]
[WhiteElo "2128"]
[BlackElo "2302"]
[TimeControl "300"]
[EndTime "2:17:35 PDT"]
[Termination "gmnorfolk won by checkmate"]

1. d4 g6 2. e4 Bg7 3. Nc3 d6 4. Be3 Nc6 5. Nge2 e5 6. Qd2 f5 7. f3 Nf6 8. exf5 Bxf5 9. O-O-O O-O 10. g4 Bd7 11. d5 Ne7 12. Ng3 Bxg4 13. fxg4 Nxg4 14.
Bh3 Nxe3 15. Be6+ Kh8 16. Qxe3 Nf5 17. Nxf5 gxf5 18. Qh3 Qf6 19. Rdf1 f4 20. Ne4 Qh6 21. Qxh6 Bxh6 22. Kd1 Rad8 23. Ke2 Rde8 24. c4 b6 25. Rhg1 Re7 26. Rf3 Rg7 27. Rxg7 Bxg7 28. Rh3 h6 29. Kf3 Kh7 30. Ng5+ Kg6 31. Ne4 Bf6 32. Kg4 Bd8 33. Rh5 Kg7 34. Rf5 Rxf5 35. Bxf5 Be7 36. b4 a5 37. bxa5 bxa5 38. a4 Kf7 39. Kh5 Kg7 40. Bg4 Bd8 41. Bf3 Be7 42. Nd2 Bg5 43. Nb3 Kf6 44. Nxa5 Kf5 45. h4 Bd8 46. Nc6 Bf6 47. Bg4+ Ke4 48. a5 f3 49. a6 Ke3 50. Bxf3 Kxf3 51.
a7 e4 52. a8=Q e3 53. Qf8 e2 54. Qxf6+ Ke3 55. Qe6+ Kd2 56. Qxe2+ Kxe2 57. Kxh6 Kd3 58. Kg6 Kxc4 59. Ne7 Kd4 60. h5 Ke5 61. h6 c5 62. dxc6 Ke6 63. h7 Kxe7 64. Kf5 Kd8 65. Ke6 Kc7 66. Kd5 Kb6 67. h8=Q Kc7 68. Qg7+ Kb6 69.
Qb7+ Ka5 70. Kc4 d5+ 71. Kc5 d4 72. Qa8# 1-0

[Event "Live Chess"]
[Site "Chess.com"]
[Date "2023.05.21"]
[Round "-"]
[White "OleksiyJr1"]
[Black "chessfiction"]
[Result "0-1"]
[WhiteElo "973"]
[BlackElo "2334"]
[TimeControl "300"]
[EndTime "2:17:39 PDT"]
[Termination "chessfiction won by resignation"]

1. e4 d5 2. exd5 c6 3. Nc3 Nf6 4. dxc6 e5 5. cxb7 Bxb7 6. Nf3 Bc5 7. d3 Qb6 8. Qe2 O-O 9. Be3 Qxb2 10. Bxc5 Qxc3+ 11. Nd2 Qxa1+ 12. Qd1 Qxd1+ 13. Kxd1 Rc8 14. Bd6 Nc6 15.
Be7 Nxe7 0-1

[Event "Live Chess"]
[Site "Chess.com"]
[Date "2023.05.21"]
[Round "-"]
[White "ChessTWSS"]
[Black "domrobson"]
[Result "1-0"]
[WhiteElo "1604"]
[BlackElo "1712"]
[TimeControl "300"]
[EndTime "2:17:49 PDT"]
[Termination "ChessTWSS won by resignation"]

1. d4 Nf6 2. Bf4 d5 3. e3 c5 4.
c3 e6 5. Nf3 Bd6 6. Nbd2 Nc6 7.
Bd3 Qe7 8. Bg3 e5 9. Nxe5 Nxe5 10. Bxe5 Bxe5 11. dxe5 Qxe5 12. Bb5+ Bd7 13. Bxd7+ Nxd7 14. Qb3 Nb6 15. Qb5+ Ke7 16. Qxc5+ 1-0

[Event "Live Chess"]
[Site "Chess.com"]
[Date "2023.05.21"]
[Round "-"]
[White "Leonid_Starozhilov"]
[Black "FailsGambits"]
[Result "1-0"]
[WhiteElo "2632"]
[BlackElo "1339"]
[TimeControl "300"]
[EndTime "2:17:51 PDT"]
[Termination "Leonid_Starozhilov won by resignation"]

1. e4 e5 2. Nf3 Nc6 3. d4 exd4 4. Bc4 Be7 5. O-O Nf6 6. c3 O-O 7. e5 Ne8 8. cxd4 d5 9. Bd3 f6 10. Nc3 fxe5 11. Nxe5 Nxe5 12. dxe5 Bb4 13. Nxd5 1-0

[Event "Live Chess"]
[Site "Chess.com"]
[Date "2023.05.21"]
[Round "-"]
[White "howitzer14"]
[Black "TheSmoulderingMaster"]
[Result "1-0"]
[WhiteElo "2890"]
[BlackElo "1698"]
[TimeControl "300"]
[EndTime "2:17:54 PDT"]
[Termination "howitzer14 won by resignation"]

1. a3 d5 2. Nf3 Nc6 3. d4 Bg4 4. Nbd2 Nf6 5. h3 Bh5 6. e3 e6 7. c4 Be7 8. b4 a6 9. Bb2 O-O 10. Be2 dxc4 11. Nxc4 Nd5 12. O-O Bf6 13. Rc1 Nce7 14.
Qd2 Nc6 15. Rfd1 Be7 16. Qc2 Bg6 17. Qb3 Nf6 18. Bc3 Ne4 19. Be1 Nf6 20. a4 Nd5 21. b5 axb5 22. axb5 Nb8 23. Nfe5 Nd7 24. Nxg6 fxg6 25. Na5 Bh4 26. Nxb7 Qf6 27. Bf3 N7b6 28. Nc5 Qg5 29. Nxe6 Qf6 30. Nxf8 Rxf8 31. Bxd5+ Kh8 32. Bf3 Qg5 33. Rc5 Qf6 34. Rxc7 Qf5 35. Qc2 Qxb5 36. d5 Rd8 37. d6 Nd7 38. Bc6 1-0

[Event "Live Chess"]
[Site "Chess.com"]
[Date "2023.05.21"]
[Round "-"]
[White "jagbama"]
[Black "OceanFloater"]
[Result "1-0"]
[WhiteElo "1163"]
[BlackElo "1021"]
[TimeControl "300"]
[EndTime "2:17:58 PDT"]
[Termination "jagbama won by resignation"]

1. e4 c6 2. Nf3 d5 3. e5 Bf5 4. d4 e6 5. Be2 c5 6. c3 c4 7. O-O Nc6 8. b4 b5 9. a4 a6 10. axb5 axb5 11. Rxa8 Qxa8 12. Na3 Qa6 13. Ng5 Be7 14. Qd2 f6 15. exf6 Bxf6 16. Nf3 Nh6 17. Re1 O-O 18. Nc2 Ng4 19. Ne3 Nxe3 20. Qxe3 Qc8 21.
Ne5 Nxe5 22. dxe5 Be7 23. Qg3 Bg6 24. h4 Qc7 25. h5 Bd3 26. Bh6 Rf7 27. Bg4 Bf5 28.
Bxf5 exf5 29. e6 Qxg3 30. exf7+ Kxf7 31. fxg3 gxh6 32. Kf2 Kf6 33. Kf3 Kg5 34. Rxe7 Kxh5 35. Rxh7 Kg5 36. Rd7 f4 37. Rxd5+ Kf6 38. gxf4 1-0

[Event "Live Chess"]
[Site "Chess.com"]
[Date "2023.05.21"]
[Round "-"]
[White "Doge_Dandolo"]
[Black "mliszewski"]
[Result "0-1"]
[WhiteElo "1869"]
[BlackElo "1837"]
[TimeControl "300"]
[EndTime "2:18:08 PDT"]
[Termination "mliszewski won by resignation"]

1. Nf3 b6 2. g3 Bb7 3. Bg2 e6 4. c4 Nf6 5. O-O c5 6. Nc3 Be7 7. d4 O-O 8. Re1 d5 9. cxd5 exd5 10. dxc5 bxc5 11. Bg5 d4 12. Bxf6 Bxf6 13. Ne4 Bxe4 0-1